 Dungeon Crawl Stone Soup version 0.26-a0-812-g31a745ddcd (webtiles) character file.

Game seed: 740902461836506238

55 kae the Insei (level 3, -1/20 HPs)
             Began as a Tengu Transmuter on Nov 18, 2020.
             Slain by an adder (2 damage)
             ... on level 2 of the Dungeon.
             The game lasted 00:01:02 (1680 turns).

kae the Insei (Tengu Transmuter)                    Turns: 1680, Time: 00:01:03

Health: -1/20      AC:  2    Str: 11    XL:     3   Next: 93%
Magic:  0/7        EV: 12    Int: 13    God:
Gold:   70         SH:  0    Dex: 14    Spells: 2/6 levels left

rFire    . . .     SeeInvis .     - Unarmed
rCold    . . .     Faith    .   (no shield)
rNeg     . . .     Spirit   +   a - +0 robe
rPois    .         Reflect  .   (helmet currently unavailable)
rElec    .         Harm     .   (no cloak)
rCorr    .         Rampage  .   (no gloves)
MR       .....                  (boots unavailable)
Stlth    +.........             b - amulet of guardian spirit
HPRegen  0.06/turn              (no ring)
MPRegen  0.10/turn              (no ring)

@: appendages (expiring)
A: beak, horns 2, talons 3
a: End Transformation


You were on level 2 of the Dungeon.
You had grown temporary horns.
You visited 1 branch of the dungeon, and saw 2 of its levels.

You collected 70 gold pieces.

Inventory:

Armour
 a - a +0 robe (worn)
Jewellery
 b - an amulet of guardian spirit (around neck)
Scrolls
 c - 4 scrolls of identify {unknown}
 d - a scroll of fear {unknown}
 g - a scroll of random uselessness {unknown}
Potions
 f - a potion of lignification {unknown}


   Skills:
 - Level 1.0 Fighting
 - Level 2.1 Dodging
 + Level 3.9 Unarmed Combat
 - Level 2.0 Spellcasting
 * Level 2.7 Transmutations
 * Level 1.1 Poison Magic


You had 2 spell levels left.
You knew the following spells:

 Your Spells              Type           Power        Failure   Level
a - Beastly Appendage     Tmut           #.....       9%          1
b - Spider Form           Tmut/Pois      #.........   34%         3

Your spell library contained the following spells:

 Spells                   Type           Power        Failure   Level
 Wereblood                Tmut           #.......     13%         2
 Ice Form                 Ice/Tmut       #.......     82%         4
 Blade Hands              Tmut           #.........   93%         5


Dungeon Overview and Level Annotations

Branches:
Dungeon (2/15)

Altars:
Cheibriados
Hepliaklqana


Innate Abilities, Weirdness & Mutations

You have a beak for a mouth.
You have claws for feet.
You have a pair of horns on your head.


Message History

The adder is severely wounded.
* * * LOW HITPOINT WARNING * * *
You feel sick. The adder closely misses you. The adder bites you.
* * * LOW HITPOINT WARNING * * *
It was a potion of curing.
You feel better. The adder bites you.
* * * LOW HITPOINT WARNING * * *
You barely miss the adder. You claw the adder.
The adder is almost dead.
The adder barely misses you.
You barely miss the adder. Your peck misses the adder.
The adder is almost dead.
The adder bites you.
* * * LOW HITPOINT WARNING * * *
You barely miss the adder.
The adder is almost dead.
The adder barely misses you.
You barely miss the adder.
The adder is almost dead.
The adder barely misses you. The adder bites you.
You die...

....#.# #.#
#.######
###.#.# #.#
#.# #.#.#
#.# #.#
#.#.#
#.###.#
#.#.#
#.....#
#...#
##.#### #.##
#..# #####@#
###...#S#
#......J#
......†._.#
##.........#
#.....8....#
...........#
.#.._.....##
..........#


You could see an ooze and an adder.

Vanquished Creatures
  An ooze (D:1)
  A dart slug (D:2)
  3 leopard geckos
  8 bats
  6 giant cockroaches
  4 goblins (D:1)
  6 hobgoblins (D:1)
  5 kobolds
  A quokka (D:2)
  A ball python (D:1)
  3 frilled lizards (D:1)
  5 rats
44 creatures vanquished.

Notes
Turn   | Place    | Note
-------+----------+-------------------------------------------
     0 | D:1      | kae the Tengu Transmuter began the quest for the Orb.
     0 | D:1      | Reached XP level 1. HP: 12/12 MP: 4/4
   363 | D:1      | Reached XP level 2. HP: 12/16 MP: 3/6
   802 | D:1      | Reached XP level 3. HP: 16/20 MP: 4/7
   807 | D:1      | Learned a level 3 spell: Spider Form
  1491 | D:2      | Reached skill level 1 in Poison Magic
  1653 | D:2      | Found a snail-covered altar of Cheibriados.
  1654 | D:2      | Found a hazy altar of Hepliaklqana.
  1675 | D:2      | HP: 1/20 [adder (3)]
  1680 | D:2      | Slain by an adder

Illustrated notes

Levels and vault maps discovered:
D:1:      minmay_arrival_hallway, layout_rooms, minmay_misc_feat_secret_circle,
          minmay_crystal_water, chequers_jeans
D:2:      layout_basic, grunt_temple_overflow_open

Skill      XL: |  1  2  3 |
---------------+----------+-----
Transmutations | 2 |  2.7
Poison Magic   | 1 |  1.1
Fighting       | |  1.0
Dodging        | |  2.1
Unarmed Combat | |  3.9
Spellcasting   | |  2.0

Action                   || total
-------------------------++-------
Melee: Unarmed           ||   103
       Kick              ||    20
       Peck              ||    11
       Headbutt          ||     7
       Punch             ||     1
 Cast: Beastly Appendage ||    24
  Use: Potion            ||     1
 Stab: Sleeping          ||     1
Armor: Robe              ||    31
Dodge: Dodged            ||    88

Table legend: (Time is in decaauts)
 A = Elapsed time spent in this place.
 B = Non-inter-level travel time spent in this place.
 C = Inter-level travel time spent in this place.
 D = Time resting spent in this place.
 E = Time spent auto-exploring this place.
 F = Levels seen in this place.
 G = Mean time per level.
                   A        B        C        D        E       F      G
               +--------+--------+--------+--------+--------+-----+--------+
         Total |   1672 |   1625 |     47 |      0 |   1340 |   2 |  836.0 |
       Dungeon |   1672 |   1625 |     47 |      0 |   1340 |   2 |  836.0 |
               +--------+--------+--------+--------+--------+-----+--------+

Top non-repeatable levels by time:
     D:1: 1287 daAuts
     D:2: 385 daAuts
